 Dungeon Sprint DCSS version 0.20-a0-1034-gb277f92 (webtiles) character file.

21665 lordofpotatos the Warrior (level 12, -4/101 HPs)
             Began as a Demonspawn Monk on Apr 22, 2017.
             Was the Champion of Hepliaklqana.
             Slain by a seven-headed hydra (11 damage)
             ... in the Dungeon (Sprint V: "Ziggurat Sprint").
             The game lasted 00:26:53 (2006 turns).

lordofpotatos the Warrior (Demonspawn Monk)         Turns: 2006, Time: 00:26:54

Health: -4/101     AC: 37    Str: 27    XL:     12   Next: 56%
Magic:  12/12      EV:  5    Int: 11    God:    Hepliaklqana [******]
Gold:   0          SH: 33    Dex: 18    Spells: 11/11 levels left

rFire    . . .     SeeInvis .   k - +9 sword of Zonguldrok {reap}
rCold    + . .     Gourm    .   j - +18 shield of the Gong {rElec rN+ MR+ EV-5}
rNeg     + . .     Faith    .   i - +15 Maxwell's patent armour {-Cast -Tele rElec MR+ rCorr}
rPois    .         Spirit   .   (no helmet)
rElec    +         Reflect  .   (no cloak)
rCorr    +         Harm     .   (no gloves)
MR       ++...     NoTele   +   (no boots) Stlth ..........NoCast +
                                (no amulet)
Regen    0.3/turn               C - +6 ring of strength
MPRegen  0.2/turn               D - +6 ring of strength

@: sanguine armour, slowed, very slow
A: reduced essence, talons 2, cold resistance 1, freezing cloud immunity,
sanguine armour 1
a: Recall Ancestor, Ancestor Identity, Transference, Idealise, Renounce Religion


You were in the Dungeon.
You worshipped Hepliaklqana.
Hepliaklqana was exalted by your worship.
You were not hungry.

You visited 1 branch

Inventory:

Hand Weapons
 k - the +9 sword of Zonguldrok (weapon) {reap}
   (You found it in the Dungeon)

   If a monster killed with it leaves a corpse in good enough shape, the corpse
   will be animated as a zombie friendly to the killer.
Armour
 i - the +15 Maxwell's patent armour (worn) {-Cast -Tele rElec MR+ rCorr}
   (You found it in the Dungeon)

   It insulates you from electricity.
   It affects your resistance to hostile enchantments.
   It prevents spellcasting.
   It prevents most forms of teleportation.
   It protects you from acid and corrosion.
 j - the +18 shield of the Gong (worn) {rElec rN+ MR+ EV-5}
   (You found it in the Dungeon)

   It affects your evasion (-5).
   It insulates you from electricity.
   It protects you from negative energy.
   It affects your resistance to hostile enchantments.
Jewellery
 g - the amulet "Vuruq" {Inacc rElec rPois rN+++ Dex-5}
   (You found it in the Dungeon)

   [amulet of inaccuracy]

   It reduces the accuracy of all your attacks.
   It affects your dexterity (-5).
   It insulates you from electricity.
   It protects you from poison.
   It renders you almost immune to negative energy.
 m - the ring of Ixzeaz {Ice Dex+8}
   (You found it in the Dungeon)

   [ring of ice]

   It enhances your ice magic.
   It affects your dexterity (+8).
   It makes you vulnerable to fire.
   It protects you from cold.
 C - a +6 ring of strength (left hand)
 D - a +6 ring of strength (right hand)
Scrolls
 h - 4 scrolls of enchant weapon
 q - 5 scrolls of remove curse
Potions
 c - 3 potions of curing
 d - 4 potions of heal wounds
 e - 5 potions of haste
 f - 7 potions of magic
 s - 2 potions of brilliance
 u - 2 potions of resistance
 w - 4 potions of agility
 x - 3 potions of might
Comestibles
 a - 42 fruits
 b - 5 bread rations
 l - 3 meat rations


   Skills:
 + Level 16.4 Fighting
 + Level 14.8 Long Blades
 + Level 14.8 Armour
 - Level 3.6 Dodging
 - Level 3.6 Stealth
 + Level 14.8 Shields


You had 11 spell levels left.
You didn't know any spells.

Dungeon Overview and Level Annotations

Branches:
Dungeon (1/1)

Altars:
Ashenzari
Cheibriados
Dithmenos
Elyvilon
Fedhas
Gozag
Hepliaklqana
Kikubaaqudgha
Makhleb
Nemelex Xobeh
Okawaru
Qazlal
Ru
Sif Muna
Trog
Uskayaw
Vehumet
Wu Jian
Xom
Yredelemnul
Zin
The Shining One
Beogh
Jiyva
Lugonu


Innate Abilities, Weirdness & Mutations

You have razor-sharp toenails.
Your flesh is cold resistant. (rC+)
You are immune to freezing clouds.
When seriously injured, your bleeding wounds create armour. (AC +6)
Your life essence is reduced. (-10% HP)


Message History

* * * LOW HITPOINT WARNING * * *
Unknown command.
Unknown command.
Unknown command.
You feel better. You block the bullfrog's attack.
GONNNNG!
You block the spiny frog's attack.
GONNNNG!
The crocodile bites you but does no damage.
The yak gores you but does no damage. You block the torpor snail's attack.
GONNNNG!
The seven-headed hydra bites you.
* * * LOW HITPOINT WARNING * * *
The seven-headed hydra bites you.
* * * LOW HITPOINT WARNING * * *
You block the seven-headed hydra's attack.
GONNNNG!
The seven-headed hydra bites you but does no damage. x2
The seven-headed hydra bites you!
You die...

▓........▓.
▓..|[[}"})..▓.▓....▓.▓.
▓...[||[}}..▓........▓.
▓...........▓▓▓▓▓▓▓▓▓▓▓
▓...........▓...8©8...▓
▓...........▓..[|.)...▓
▓.....h.....▓...ZR:...▓
▓....wFD....▓....Z....▓
▓...Yt@Yt...▓.........▓
▓....F......▓.........▓
▓...........▓.........▓
▓▓▓▓▓▓▓▓▓▓▓▓▓.▓...).▓.▓
▓....8©8....▓.........▓
▓..)|.:[.|..▓▓▓▓▓▓▓▓▓▓▓
▓...[R[[=...▓...8©8...▓
▓...........▓..)):|)..▓
▓...........▓...)R}...▓


You could see a seven-headed hydra, a torpor snail, 2 yaks, a spiny frog, 2
crocodiles, a black bear and a bullfrog.

Vanquished Creatures
  A deep elf blademaster (D)
  A deep elf master archer (D)
  2 deep elf sorcerers (D)
  A balrug (D)
  A reaper (D)
  3 dancing weapons (D)
  A hell hog (D)
  A hell knight (D)
  3 deep elf magi (D)
  4 rust devils (D)
  2 freezing wraiths (D)
  A rime drake (D)
  A tormentor (D)
  2 polar bears (D)
  A slime creature (D)
  5 merfolk (D)
  2 hippogriffs (D)
  3 shadows (D)
  2 fire elementals (D)
  3 water moccasins (D)
  8 hell hounds (D)
  A porcupine (D)
  A phantom (D)
  2 necrophages (D)
  2 centaurs (D)
  A bullfrog (D)
  3 wights (D)
  A crimson imp (D)
  2 jellies (D)
  A river rat (D)
  An adder skeleton (D)
  A bat zombie (D)
  A jackal (D)
65 creatures vanquished.

Vanquished Creatures (collateral kills)
  A hell hog (D)
  A dancing weapon (D)
  A cyclops (D)
  A deep elf mage (D)
  A rust devil (D)
  2 rime drakes (D)
  An efreet (D)
  2 merfolk (D)
  A water elemental (D)
  A steam dragon (D)
  A necrophage (D)
  2 iron imps (D)
  A white imp (D)
  An adder zombie (D)
  An adder simulacrum (D)
  2 leopard gecko zombies (D)
20 creatures vanquished.

Vanquished Creatures (others)
  A deep elf sorcerer (D)
  A deep elf annihilator (D)
  A deep elf high priest (D)
  A rime drake (D)
  An air elemental (D)
  5 battlemagi (D)
  A bat skeleton (D)
11 creatures vanquished.

Grand Total: 96 creatures vanquished

Notes
Turn   | Place    | Note
-------+----------+-------------------------------------------
     0 | D        | lordofpotatos the Demonspawn Monk began the quest for the Orb.
     0 | D        | Reached XP level 1. HP: 19/19 MP: 1/1
     0 | D        | Found a blossoming altar of Fedhas.
     1 | D        | Found a viscous altar of Jiyva.
     1 | D        | Found an ancient bone altar of Kikubaaqudgha.
     1 | D        | Found a hazy altar of Hepliaklqana.
     1 | D        | Found a corrupted altar of Lugonu.
     1 | D        | Found an opulent altar of Gozag.
     1 | D        | Found a burning altar of Makhleb.
    17 | D        | Found an iron altar of Okawaru.
    17 | D        | Found a sparkling altar of Nemelex Xobeh.
    17 | D        | Found a stormy altar of Qazlal.
    17 | D        | Found a sacrificial altar of Ru.
    17 | D        | Found a deep blue altar of Sif Muna.
    32 | D        | Found a bloodstained altar of Trog.
   105 | D        | Became a worshipper of Hepliaklqana the Forgotten
   105 | D        | Reached * piety under Hepliaklqana
   105 | D        | Reached ** piety under Hepliaklqana
   119 | D        | Entered arena 1.
   119 | D        | Noticed a rime drake
   119 | D        | Noticed a steam dragon
   121 | D        | Reached skill level 5 in Fighting
   121 | D        | Gained mutation: When seriously injured, your bleeding wounds create armour. (AC +6) [demonic ancestry]
   121 | D        | Reached XP level 2. HP: 24/24 MP: 2/2
   122 | D        | Killed a rime drake
   122 | D        | Reached skill level 7 in Fighting
   122 | D        | Reached skill level 5 in Long Blades
   122 | D        | Reached skill level 5 in Shields
   122 | D        | Reached XP level 3. HP: 26/32 MP: 3/3
   122 | D        | Reached XP level 4. HP: 31/38 MP: 4/4
   122 | D        | Reached XP level 5. HP: 36/43 MP: 5/5
   123 | D        | Remembered your ancestor Qinisela as a battlemage
   126 | D        | Killed a steam dragon
   126 | D        | Reached skill level 5 in Armour
   126 | D        | Gained mutation: Your flesh is cold resistant. (rC+) [demonic ancestry]
   126 | D        | Reached XP level 6. HP: 42/50 MP: 3/6
   172 | D        | Entered arena 2.
   172 | D        | Noticed a slime creature
   177 | D        | Killed a slime creature
   177 | D        | Reached skill level 8 in Fighting
   180 | D        | Gained mutation: You are immune to freezing clouds. [demonic ancestry]
   180 | D        | Reached XP level 7. HP: 54/56 MP: 7/7
   197 | D        | Reached *** piety under Hepliaklqana
   197 | D        | Entered arena 3.
   201 | D        | Reached skill level 9 in Fighting
   227 | D        | Entered arena 4.
   250 | D        | Reached **** piety under Hepliaklqana
   250 | D        | Entered arena 5.
   250 | D        | Noticed a merfolk
   250 | D        | Noticed a merfolk
   250 | D        | Noticed a merfolk
   250 | D        | Noticed a merfolk
   250 | D        | Noticed a merfolk
   258 | D        | Killed a merfolk
   258 | D        | Reached skill level 10 in Fighting
   258 | D        | Reached XP level 8. HP: 64/64 MP: 8/8
   260 | D        | Killed a merfolk
   269 | D        | Killed a merfolk
   269 | D        | Killed a merfolk
   271 | D        | Killed a merfolk
   382 | D        | Entered arena 6.
   382 | D        | Noticed a merfolk
   382 | D        | Noticed a merfolk
   382 | D        | Noticed a hippogriff
   382 | D        | Noticed a cyclops
   390 | D        | Killed a hippogriff
   390 | D        | Reached skill level 11 in Fighting
   390 | D        | Reached XP level 9. HP: 72/72 MP: 6/9
   394 | D        | Killed a merfolk
   396 | D        | Killed a cyclops
   396 | D        | Reached skill level 10 in Long Blades
   396 | D        | Reached skill level 10 in Armour
   396 | D        | Reached skill level 10 in Shields
   402 | D        | Killed a merfolk
   573 | D        | Entered arena 7.
   578 | D        | Reached skill level 12 in Fighting
   591 | D        | Reached ***** piety under Hepliaklqana
   591 | D        | Entered arena 8.
   591 | D        | Noticed a hell hog
   591 | D        | Noticed an efreet
   591 | D        | Noticed a hell hog
   604 | D        | Killed a hell hog
   604 | D        | Gained mutation: You have sharp toenails. [demonic ancestry]
   604 | D        | Reached XP level 10. HP: 40/80 MP: 10/10
   605 | D        | Killed a hell hog
   626 | D        | Got the ring of Ixzeaz {Ice Dex+8}
   633 | D        | Entered arena 9.
   633 | D        | Noticed a hand axe of freezing
   633 | D        | Noticed a deep elf mage
   633 | D        | Noticed a deep elf mage
   633 | D        | Noticed a deep elf mage
   633 | D        | Noticed a battleaxe of electrocution
   633 | D        | Noticed a vampiric short sword
   633 | D        | Noticed a deep elf mage
   637 | D        | Killed a vampiric short sword
   637 | D        | Reached skill level 13 in Fighting
   640 | D        | Noticed a soul eater
   640 | D        | Killed a hand axe of freezing
   640 | D        | Killed a deep elf mage
   645 | D        | Noticed a rust devil
   645 | D        | Killed a deep elf mage
   648 | D        | Killed a deep elf mage
   654 | D        | Noticed a rust devil
   659 | D        | Killed a deep elf mage
   659 | D        | Reached XP level 11. HP: 33/89 MP: 9/11
   664 | D        | Killed a battleaxe of electrocution
  1044 | D        | Entered arena 10.
  1048 | D        | Reached skill level 14 in Fighting
  1084 | D        | Reached ****** piety under Hepliaklqana
  1084 | D        | Entered arena 11.
  1084 | D        | Noticed a short sword of electrocution
  1084 | D        | Noticed a deep elf sorcerer
  1084 | D        | Noticed a deep elf sorcerer
  1085 | D        | Noticed a deep elf blademaster
  1085 | D        | Noticed a deep elf master archer
  1085 | D        | Noticed a deep elf high priest
  1086 | D        | Noticed a deep elf annihilator
  1089 | D        | Noticed a deep elf sorcerer
  1090 | D        | Killed a deep elf high priest
  1091 | D        | Killed a short sword of electrocution
  1098 | D        | Killed a deep elf sorcerer
  1099 | D        | Killed a deep elf sorcerer
  1104 | D        | Killed a deep elf blademaster
  1106 | D        | Killed a deep elf sorcerer
  1106 | D        | Reached skill level 15 in Fighting
  1112 | D        | Killed a deep elf annihilator
  1116 | D        | Killed a deep elf master archer
  1116 | D        | Gained mutation: You have razor-sharp toenails. [demonic ancestry]
  1116 | D        | Reached XP level 12. HP: 32/99 MP: 8/12
  1416 | D        | Entered arena 12.
  1417 | D        | Noticed a reaper
  1454 | D        | Killed a reaper
  1454 | D        | Reached skill level 16 in Fighting
  1685 | D        | Entered arena 13.
  1687 | D        | Noticed a balrug
  1708 | D        | Killed a balrug
  1713 | D        | HP: 5/100 [something (9)]
  1747 | D        | Got the amulet "Vuruq" {Inacc rElec rPois rN+++ Dex-5}
  1987 | D        | Entered arena 14.
  1989 | D        | Noticed a seven-headed hydra
  2006 | D        | Slain by a seven-headed hydra

Vault maps used:
D:        sprint_v

Skill      XL: |  1  2  3  4  5  6  7  8  9 10 11 12 |
---------------+-------------------------------------+-----
Fighting       | 5 7 8 10 11 12 13 15 16 | 16.4
Long Blades    | 3 5 6 7 8 9 10 12 14 | 14.8
Armour         | 2 4 5 6 8 9 10 12 14 | 14.8
Shields        | 3 5 6 8 9 10 12 14 | 14.8
Dodging        | |  3.6
Stealth        | |  3.6

Action                   |  1- 3 |  4- 6 |  7- 9 | 10-12 || total
-------------------------+-------+-------+-------+-------++-------
Melee: Double sword      |     1 |     8 |    63 |   155 ||   227
       Kick              |       |       |       |    68 ||    68
Invok: Recall Ancestor   |       |     1 |     2 |     6 ||     9
       Ancestor Life: Ba |       |     1 |       |       ||     1
       Idealise          |       |       |       |     2 ||     2
  Use: Potion            |     2 |     1 |     6 |    20 ||    29
 Stab: Distracted        |       |       |     1 |     3 ||     4
       Invisible         |       |       |       |     5 ||     5
  Eat: Meat ration       |       |       |       |     1 ||     1
Armor: Plate armour      |     4 |     6 |    49 |   218 ||   277
Dodge: Dodged            |       |       |    13 |    51 ||    64
Block: Shield            |     3 |    15 |   159 |   409 ||   586
       Rpst.: Double sword |       |       |     4 |     6 ||    10
